 Dungeon Crawl Stone Soup version 0.20-a0-315-g8346a86 (webtiles) character file.

77 Goblin1989 the Slasher (level 4, -3/35 HPs)
             Began as a Demonspawn Monk on Dec 20, 2016.
             Killed by divine providence
             ... invoked by an orc priest
              (14 damage)
             ... on level 3 of the Dungeon.
             The game lasted 00:04:29 (1653 turns).

Goblin1989 the Slasher (Demonspawn Monk)            Turns: 1653, Time: 00:04:29

Health: -3/35      AC:  9    Str: 18    XL:     4   Next: 14%
Magic:  4/4        EV: 11    Int: 11    God:
Gold:   129        SH:  0    Dex: 15    Spells: 3/3 levels left

rFire  . . .     SeeInvis +     a - +0 falchion
rCold  + . .     Gourm    .     A - +0 scale mail
rNeg   . . .     Faith    .     (no shield)
rPois  .         Spirit   .     (helmet restricted)
rElec  .         Reflect  .     o - +2 cloak
rCorr  .         Harm     .     (no gloves)
MR     .....                    (no boots)
Stlth  +.........               (no amulet)
                                c - ring of protection from cold
                                s - ring of see invisible

@: mighty
A: horns 1, powered by pain 1
a: no special abilities


You were on level 3 of the Dungeon.
You were not hungry.

You visited 1 branch of the dungeon, and saw 3 of its levels.

You collected 129 gold pieces.

Inventory:

Hand Weapons
 a - a +0 falchion (weapon)
Armour
 o - a +2 cloak (worn)
 A - a +0 scale mail (worn)
Jewellery
 c - a ring of protection from cold (right hand)
 f - a +1 ring of evasion
 s - a ring of see invisible (left hand)
 B - an uncursed ring of protection from cold
Scrolls
 b - a scroll of teleportation {unknown}
 d - a scroll of recharging {unknown}
 e - 3 scrolls of remove curse {unknown}
 g - a scroll of enchant weapon {unknown}
 k - a scroll of enchant armour {unknown}
 l - a scroll of noise {unknown}
 p - 2 scrolls of identify {unknown}
 u - a scroll of fog {unknown}
 y - a scroll of immolation {unknown}
Potions
 h - a potion of lignification {unknown}
 i - a potion of invisibility {unknown}
 n - a potion of mutation {unknown}
 q - a potion of agility {unknown}
 r - a potion of heal wounds {unknown}
 w - a potion of flight {unknown}
 z - a potion of cancellation {unknown}
Comestibles
 j - 6 fruits
 m - 7 chunks of flesh {@w0}
 t - 3 bread rations {@e1}
 v - a meat ration {@e2}
 x - a slice of pizza


   Skills:
 - Level 3.0 Fighting
 + Level 4.5 Long Blades
 - Level 2.6 Dodging
 - Level 1.7 Stealth


You had 3 spell levels left.
You didn't know any spells.

Dungeon Overview and Level Annotations

Branches:
Dungeon (3/15)

Altars:


Innate Abilities, Weirdness & Mutations

You have a pair of small horns on your head.
You sometimes gain a little power by taking damage.


Message History

The orc wizard is severely wounded.
You hit the orc wizard but do no damage.
The orc wizard is severely wounded.
The orc closely misses you.
The orc wizard hits you but does no damage.
You hit the orc wizard but do no damage.
Your headbutt misses the orc wizard.
The orc wizard is severely wounded.
The orc hits you but does no damage.
The orc priest calls down the wrath of Beogh upon you.
Beogh smites you!
* * * LOW HITPOINT WARNING * * *
You focus on the pain.
You feel very mighty all of a sudden.
The orc wizard hits you but does no damage.
The orc hits you but does no damage.
You take 15 damage, and have 11/35 hp.
MASSIVE DAMAGE!!
The orc priest mumbles some strange prayers to Beogh against you.
Beogh smites you!
You die... █████.█████.██ █.█ █............. █.█ ..███.█████.█. ... █.███ █.█ █...█ oo. █...█ █o█ █...█ █o█████

█...█ ███.....█ █...██
█.@o..█.... ███████..█
█.███.█ . .....███.██
█.....█ .███.█ █..█
██....▲
.███▲████∆█▲████.████...
.......█.<..............
.......█.....██...███...
.......█.....██.....█
.............██.█████


You could see an orc priest, an orc wizard and 2 orcs.

Vanquished Creatures
  An adder (D:3)
  An ooze (D:1)
  2 worms (D:2)
  3 dart slugs
  2 leopard geckos
  An orc (D:3)
  2 giant cockroaches (D:1)
  3 goblins
  10 hobgoblins
  2 quokkas
  A ball python (D:2)
  5 bats
  3 frilled lizards
  6 kobolds
  8 rats
50 creatures vanquished.

Notes
Turn   | Place    | Note
-------+----------+-------------------------------------------
     0 | D:1      | Goblin1989 the Demonspawn Monk began the quest for the Orb.
     0 | D:1      | Reached XP level 1. HP: 18/18 MP: 1/1
    92 | D:1      | Reached skill level 3 in Long Blades
   114 | D:1      | Gained mutation: You have a pair of small horns on your head. [demonic ancestry]
   114 | D:1      | Reached XP level 2. HP: 10/24 MP: 2/2
   868 | D:1      | Gained mutation: You sometimes gain a little power by taking damage. [demonic ancestry]
   868 | D:1      | Reached XP level 3. HP: 29/29 MP: 3/3
  1015 | D:2      | Reached skill level 4 in Long Blades
  1579 | D:3      | Reached XP level 4. HP: 25/35 MP: 4/4
  1653 | D:3      | Killed from afar by an orc priest

Vault maps used:
D:1:      minmay_arrival_solitary_statue
D:2:      grunt_decor_arrowhead

Skill      XL: |  1  2  3 |
---------------+----------+-----
Long Blades    | 3 4 |  4.5
Fighting       | |  3.0
Dodging        | |  2.6
Stealth        | |  1.7

Action                   |  1- 3 |  4- 6 || total
-------------------------+-------+-------++-------
Melee: Falchion          |   163 |    14 ||   177
       Headbutt          |    22 |     3 ||    25
 Stab: Sleeping          |     2 |       ||     2
  Eat: Chunk             |     2 |     1 ||     3
Armor: Robe              |    19 |       ||    19
       Ring mail         |    35 |       ||    35
       Scale mail        |    15 |    13 ||    28
Dodge: Dodged            |   121 |     4 ||   125
       Rpst.: Falchion   |    30 |     2 ||    32

Vault maps used:
D:1:      minmay_arrival_solitary_statue
D:2:      grunt_decor_arrowhead
